 Dungeon Crawl Stone Soup version 0.30-a0-34-gbe8da3892a (webtiles) character file.

Game seed: 9858323175348318065

2223 ytrimaz the Changer (level 9, -1/62 (63) HPs)
             Began as an Octopode Transmuter on Aug 28, 2022.
             Slain by Amaemon
             ... wielding a +0 demon whip of venom
              (4 damage)
             ... on level 8 of the Dungeon.
             The game lasted 00:10:09 (10146 turns).

ytrimaz the Changer (Octopode Transmuter)          Turns: 10146, Time: 00:10:10

HP:   -1/62 (63)    AC:  8    Str: 10    XL:     9   Next: 35%
MP:   26/28         EV: 10    Int: 19    God:
Gold: 485           SH:  0    Dex: 18    Spells: 5/21 levels left

rFire   x . .      SeeInvis .      - Unarmed
rCold   + + +      Faith    .    (shield currently unavailable)
rNeg    . . .      Spirit   .    (helmet currently unavailable)
rPois   +          Reflect  .    m - amulet of the acrobat
rElec   .          Harm     .    i - +6 ring of dexterity
rCorr   .          Rampage  .    j - ring of magical power
Will    .....                    (no ring)
Stlth   ++........               (no ring)
HPRegen 0.20/turn                (no ring)
MPRegen 0.21/turn                (no ring)
                                 (no ring)
                                 (no ring)

@: mighty, ice-form, studying Summonings, lightly drained
A: freezing attack, boosted hp, almost no armour, amphibious, 8 rings, large,
(camouflage 1), (gelatinous body 1), (nimble swimmer 1), (tentacles)
a: End Transformation


You were on level 8 of the Dungeon.
You were a creature of crystalline ice.
You visited 2 branches of the dungeon, and saw 9 of its levels.

You collected 485 gold pieces.

Inventory:

Jewellery
 i - a +6 ring of dexterity (left front paw)
 j - a ring of magical power (right front paw)
 m - an amulet of the acrobat (around neck)
Wands
 h - a wand of flame (17)
 k - a wand of polymorph (12)
 l - a wand of quicksilver (9)
 o - a wand of digging (9)
 r - a wand of roots (12)
 s - a wand of mindburst (26)
Scrolls
 e - a scroll of enchant weapon
 p - a scroll of enchant armour
 q - a scroll of teleportation
Potions
 a - 3 potions of lignification
 b - a potion of brilliance
 c - a potion of berserk rage
 d - 2 potions of curing
 f - 3 potions of heal wounds
 g - a potion of might
 n - 2 potions of ambrosia


   Skills:
 - Level 1.0 Fighting
 - Level 2.0 Dodging
 - Level 4.0 Unarmed Combat
 + Level 6.8 Spellcasting
 + Level 7.7 Transmutations
 - Level 4.0 Ice Magic
 + Level 1.3 Earth Magic
 - Level 4.0 Poison Magic


You had 5 spell levels left.
You knew the following spells:

 Your Spells              Type           Power      Damage    Failure   Level
a - Beastly Appendage     Tmut           70%        N/A       1%          1
b - Wereblood             Tmut           35%        N/A       1%          2
c - Spider Form           Tmut/Pois      28%        N/A       2%          3
d - Ice Form              Ice/Tmut       28%        N/A       10%         4
e - Statue Form           Tmut/Erth      15%        N/A       94%         6

Your spell library contained the following spells:

 Spells                   Type           Power      Damage    Failure   Level
 Ignite Poison            Fire/Tmut/Pois 21%        N/A       6%          3
 Apportation              Tloc           12%        N/A       11%         1
 Magic Dart               Conj           24%        1d4       11%         1
 Necrotise                Necr           24%        1d5       11%         1
 Summon Small Mammal      Summ           24%        N/A       11%         1
 Blade Hands              Tmut           17%        N/A       12%         5
 Call Imp                 Summ           6%         N/A       16%         2
 Scorch                   Fire           12%        2d5       16%         2
 Petrify                  Tmut/Erth      23%        N/A       16%         4
 Mephitic Cloud           Conj/Pois/Air  11%        N/A       19%         3
 Conjure Flame            Conj/Fire      6%         6-21      30%         3
 Portal Projectile        Hex/Tloc       12%        N/A       30%         3
 Tukima's Dance           Hex            6%         N/A       30%         3
 Flame Wave               Conj/Fire      6%         2d5       71%         4
 Sticky Flame             Conj/Fire      6%         2d3       71%         4
 Metabolic Englaciation   Hex/Ice        7%         N/A       77%         5
 Summon Cactus Giant      Summ           3%         N/A       100%        6


Dungeon Overview and Level Annotations

Branches:
Dungeon (8/15)             Temple (1/1) D:6            Lair (0/5) D:8

Altars:
Ashenzari
Dithmenos
Elyvilon
Fedhas
Makhleb
Okawaru
Qazlal
Ru
Sif Muna
Trog
Uskayaw
Vehumet
Wu Jian
Xom
Yredelemnul
Zin
The Shining One

Shops:
D:1 (

Annotations:
D:7 2 transporters
D:8 Amaemon


Innate Abilities, Weirdness & Mutations

You are a creature of crystalline ice.
You have a powerful freezing melee attack.
Your maximum health is increased.
Your armour is entirely melded.
You are incapable of wielding weapons or throwing items.
You cannot wear most types of armour.
You are amphibious.
You can wear up to eight rings at the same time.
((Your skin changes colour to match your surroundings (Stealth+).))
((Your rubbery body absorbs attacks. (AC +1, EV +1)))
((You are camouflaged when in or above water. (Stealth+)))
((You have tentacles for arms and can constrict up to eight enemies at once.))


Message History

Unknown command.
You feel very mighty all of a sudden. Amaemon completely misses you.
Amaemon claws you. Amaemon barely misses you.
You hit Amaemon. You freeze Amaemon.
Amaemon is lightly wounded.
Amaemon hits you with a +0 demon whip of venom!
Amaemon claws you but does no damage.
Amaemon tail-slaps you but does no damage.
You punch Amaemon! You freeze Amaemon.
Amaemon is lightly wounded.
Amaemon hits you with a +0 demon whip of venom.
You are poisoned.
Amaemon claws you. Amaemon closely misses you.
You punch Amaemon! You freeze Amaemon!
Amaemon is heavily wounded.
You feel very sick. Amaemon completely misses you. Amaemon closely misses you.
Amaemon misses you.
You punch Amaemon! You freeze Amaemon.
Amaemon is severely wounded.
You feel sick.
Amaemon hits you with a +0 demon whip of venom!
You are more poisoned.
Amaemon claws you.
Amaemon tail-slaps you but does no damage.
You barely miss Amaemon.
Amaemon is severely wounded.
You feel very sick.
You punch Amaemon! You freeze Amaemon.
Amaemon is almost dead.
* * * LOW HITPOINT WARNING * * *
You feel very sick.
Amaemon hits you with a +0 demon whip of venom!
* * * LOW HITPOINT WARNING * * *
Amaemon closely misses you. x2
Unknown command.
You feel better.
Amaemon hits you with a +0 demon whip of venom!
* * * LOW HITPOINT WARNING * * *
Amaemon claws you.
You die...

##.## *,,..,,,,,* ***** *,** #.#
**,**,,,,,* *,*, #.# *,*****,,*
***** ##'## *,,,,,,,,* *,,,*
##...## *******,** *,_,*
##.....## *##,# *,,,, ##.......##
##.#.# *****
###.........####....####******,,,
))'.........'...Y6......,,,,,,,,,
###...<.....###.....###.******,,,
# ##.......## #.#.#.# *,* **,,* #
##.....## #.###,# *,*****,,,* #
##<..## #.#**,***,,,,,,,,,, #**
##+## #..,,,,,,,,,,*+*,,, #,**
*,* ###**,**,*,,,*,*,,, .*,** *,*
*,**,,,***,***, #**,***,**
*,***,,*,,,,,*,


You could see Amaemon.

Vanquished Creatures
  A yak (D:5)
  Eustachio (D:5)
  2 water moccasins (D:7)
  A sky beast (D:7)
  An ice beast (D:6)
  A black bear (D:5)
  An ogre (D:5)
  A phantom (D:6)
  2 kobold brigands (D:7)
  A scorpion (D:5)
  4 wights (D:8)
  3 howler monkeys
  A jelly (D:6)
  A gnoll bouda (D:7)
  4 hounds
  2 orc priests
  Terence (D:2)
  5 iguanas
  2 orc wizards
  6 gnolls
  10 adders
  2 shadow imps
  3 white imps
  2 ufetubi (D:6)
  3 worms
  4 dart slugs
  20 orcs
  2 endoplasms (D:1)
  2 giant cockroaches
  6 goblins
  8 hobgoblins
  7 kobolds (D:7)
  6 quokkas
  9 ball pythons
  10 bats
  2 frilled lizards
  3 rats (D:1)
140 creatures vanquished.

Notes
Turn   | Place    | Note
-------+----------+-------------------------------------------
     0 | D:1      | ytrimaz the Octopode Transmuter began the quest for the
                  | Orb.
     0 | D:1      | Reached XP level 1. HP: 13/13 MP: 3/3
   414 | D:1      | Found Diocvopn's Weapon Shop.
   451 | D:1      | Reached XP level 2. HP: 18/18 MP: 3/5
  1016 | D:1      | Reached XP level 3. HP: 13/23 MP: 4/6
  1019 | D:1      | Learned a level 2 spell: Wereblood
  1023 | D:1      | Learned a level 3 spell: Spider Form
  1563 | D:2      | Reached XP level 4. HP: 19/28 MP: 3/7
  2054 | D:2      | Identified the +11 rapier "Dycuebonk" {vorpal, rN+ Str-5
                  | Int+2 Stlth+}
  2121 | D:2      | Noticed Terence
  2139 | D:2      | Killed Terence
  2140 | D:2      | Reached skill level 3 in Transmutations
  2447 | D:2      | Reached XP level 5. HP: 31/33 MP: 9/9
  2466 | D:2      | You fall into a shaft and drop 1 floor!
  2665 | D:2      | Learned a level 4 spell: Ice Form
  2952 | D:3      | Reached skill level 1 in Poison Magic
  3401 | D:3      | Found a faded altar of an unknown god.
  4089 | D:4      | Reached XP level 6. HP: 32/38 MP: 8/11
  4440 | D:5      | Entered Level 5 of the Dungeon
  5444 | D:5      | Noticed a black bear
  5454 | D:5      | Killed a black bear
  5455 | D:5      | Reached skill level 4 in Transmutations
  5455 | D:5      | Reached XP level 7. HP: 28/43 MP: 9/12
  5590 | D:5      | Noticed a yak
  5604 | D:5      | Killed a yak
  5605 | D:5      | Reached skill level 5 in Transmutations
  5861 | D:5      | Noticed Eustachio
  5923 | D:5      | Killed Eustachio
  5924 | D:5      | Reached skill level 5 in Spellcasting
  5924 | D:5      | Reached skill level 1 in Ice Magic
  5924 | D:5      | Reached XP level 8. HP: 26/48 MP: 13/15
  6425 | D:6      | Found a staircase to the Ecumenical Temple.
  6445 | Temple   | Entered the Ecumenical Temple
  6807 | D:6      | HP: 1/48 [acid (5)]
  7002 | D:6      | Reached skill level 6 in Transmutations
  7225 | D:6      | Learned a level 6 spell: Statue Form
  8303 | D:7      | Found a transporter.
  8438 | D:7      | Found a transporter.
  8718 | D:7      | Reached skill level 7 in Transmutations
  8718 | D:7      | Reached XP level 9. HP: 52/53 MP: 18/18
  9844 | D:8      | Reached skill level 1 in Earth Magic
 10119 | D:8      | Noticed Amaemon
 10146 | D:8      | HP: 3/62 [Amaemon/+0 demon whip of venom (11)]
 10146 | D:8      | Slain by Amaemon

Illustrated notes

Levels and vault maps discovered:
D:1:      mushboom_english_gardens, layout_basic, serial_shops,
          nicolae_shop_window_shopping, serial_glass, glass_columns_a,
          glass_columns_a
D:2:      layout_loops_ring, st_stairs_12, uniq_terence
D:3:      layout_rooms, shapermc_ecumenical_altar_notcrosses
D:4:      layout_rooms, kennysheep_generic_room_14
D:5:      layout_basic, hex_tiny, minmay_manual_macuahuitl, uniq_eustachio
D:6:      layout_basic, minmay_temple_entry_sparse_star, kennysheep_doodads
D:7:      gammafunk_steamed_eel, layout_loops_corners, small_statue_intersection
D:8:      layout_loops_corners, mainiacjoe_overflow_swirl, lemuel_crystal_altar,
          erik_lair_dragon, nicolae_ossuary_entry_plus, grunt_ministairs_14,
          uniq_amaemon, uniq_pikel, uniq_maggie, uniq_grum
Temple:   sentei_temple_godly_chess

Skill      XL: |  1  2  3  4  5  6  7  8  9 |
---------------+----------------------------+-----
Unarmed Combat | 4 |  4.0
Spellcasting   | 3 5 6 |  6.8
Transmutations | 3 4 5 7 |  7.7
Poison Magic   | 2 4 |  4.0
Ice Magic      | 1 4 |  4.0
Earth Magic    | 1 |  1.3
Fighting       | |  1.0
Dodging        | |  2.0

Action                   |  1- 3 |  4- 6 |  7- 9 || total
-------------------------+-------+-------+-------++-------
Melee: Unarmed           |    50 |   148 |   251 ||   449
       Constrict         |    12 |    20 |     4 ||    36
       Kick              |    10 |    10 |       ||    20
       Tentacles         |     6 |    16 |     3 ||    25
       Punch             |     1 |     1 |       ||     2
 Cast: Beastly Appendage |    14 |    10 |     1 ||    25
       Spider Form       |     1 |    13 |    21 ||    35
       Ice Form          |       |     1 |    10 ||    11
       Wereblood         |       |       |     5 ||     5
  Use: Potion            |     1 |     1 |     2 ||     4
       Scroll            |     5 |     7 |     4 ||    16
 Stab: Sleeping          |     1 |     4 |     1 ||     6
       Confused          |       |       |     2 ||     2
       Distracted        |       |       |     1 ||     1
Armor: Skin              |     4 |     9 |    38 ||    51
Dodge: Dodged            |    35 |   108 |   259 ||   402

Table legend: (Time is in decaauts)
 A = Elapsed time spent in this place.
 B = Non-inter-level travel time spent in this place.
 C = Inter-level travel time spent in this place.
 D = Time resting spent in this place.
 E = Time spent auto-exploring this place.
 F = Levels seen in this place.
 G = Mean time per level.
                   A        B        C        D        E       F      G
               +--------+--------+--------+--------+--------+-----+--------+
         Total |  10099 |   9889 |    210 |    389 |   8194 |   9 | 1122.1 |
       Dungeon |  10004 |   9797 |    207 |    389 |   8110 |   8 | 1250.5 |
        Temple |     94 |     91 |      3 |      0 |     84 |   1 |   94.0 |
               +--------+--------+--------+--------+--------+-----+--------+

Top non-repeatable levels by time:
     D:5: 1962 daAuts
     D:6: 1717 daAuts
     D:7: 1560 daAuts
     D:1: 1516 daAuts
     D:2: 1158 daAuts
     D:3: 962 daAuts
     D:4: 791 daAuts
     D:8: 334 daAuts
  Temple: 94 daAuts
